Cogmind - Beta 12 @@@ ROGUE MODE // 2024.01.06 @ 23:34:27 Player: Trione Result: Destroyed by P1-3CE with P1-3CE's Gatling Flakker Performance ------------- Evolutions (3) 1500 Regions Visited (14) 2800 Robots Destroyed (339) 1695 Value Destroyed (11108) 11108 Prototype IDs (12) 240 Alien Tech Used (0) 0 Bonus (4477) 4477 TOTAL SCORE: 21820 Bonus ------- High Alert Combat Kills 3719 Follower Combat Kills 394 Entered Garrisons 600 Met Imprinter 300 Friendly Fire -536 Cogmind --------- Core Integrity 0/700 Matter 250/300 Energy 15/100 System Corruption 0% Temperature Cool (0) Movement Core (50) Location -7/Zion Parts ------- > --- POWER (2) -------- (None) > --- PROPULSION (4) --- (None) > --- UTILITY (5) ------ (None) > --- WEAPON (2) ------- (None) > --- INVENTORY (5) ---- Wheel Hardened Heavy Armor Plating Molecular Deconstructor Peak State ------------ > --- POWER ------------ Light Nuclear Core Neutrino Core > --- PROPULSION ------- Armored Wheel Armored Wheel Armored Huge Wheel > --- UTILITY ---------- Huge Storage Unit Improved Sensor Array Improved Signal Interpreter Improved Transmission Jammer Hacking Suite > --- WEAPON ----------- Molecular Deconstructor > --- INVENTORY -------- Advanced Treads Advanced Treads Medium Treads Armored Wheel Advanced Cooling System High-capacity Matter Pod Seismic Detector Hardened Light Armor Plating Improved Light Armor Plating Improved Light Armor Plating Reflective Plating Hardlight Generator Improved Shield Generator Authchip [Armor] Long-range Tractor Beam Heavy Ion Cannon Advanced Plasma Cannon Gauss Cannon Bore Cannon Mass Driver Heavy Missile Launcher Heavy Missile Launcher Precision Grenade Launcher Improved Datajack Great Axe [Rating: 64] Favorites ----------- Power Neutrino Core Engine Light Ion Engine Power Core Neutrino Core Propulsion Armored Wheel Treads Advanced Treads Leg Aluminum Leg Wheel Armored Wheel Utility Huge Storage Unit Device Advanced Cooling System Storage Huge Storage Unit Processor Improved Signal Interpreter Hackware Hacking Suite Protection Hardened Medium Armor Plating Weapon Advanced Plasma Cannon Energy Cannon Advanced Plasma Cannon Ballistic Gun Gauss Rifle Ballistic Cannon Light Cannon Launcher Rocket Launcher Special Weapon Molecular Deconstructor Impact Weapon Heavy Flail Slashing Weapon Great Axe Special Melee Weapon Improved Datajack Build | -11 -10 -10 -9 -8 -8 -8 -8 -8 -8 -8 -7 -7 -7 -7 ------- Run | Jun Mat Min Mat Mat Gar Mat Gar Mat Gar Mat Fac Low Low Zio Slots Evolved 6 | . . . 2 2 . . . . . . 2 . . . Power 1 | . . . . . . . . . . . 1 . . . Propulsion 2 | . . . 1 1 . . . . . . . . . . Utility 3 | . . . 1 1 . . . . . . 1 . . . Weapon . | . . . . . . . . . . . . . . . Parts Attached 455 | 7 17 10 70 59 31 4 37 43 35 12 73 32 4 21 Power 19 | 1 2 2 4 . 1 . 2 1 . . 4 1 . 1 Engine 8 | 1 2 1 2 . . . . . . . 1 . . 1 Core 11 | . . 1 2 . 1 . 2 1 . . 3 1 . . Reactor . | . . . . . . . . . . . . . . . Propulsion 74 | 2 2 1 19 16 2 . 4 8 5 4 5 3 . 3 Treads 28 | . . . 8 5 . . . 4 5 1 1 1 . 3 Leg 10 | 2 2 1 5 . . . . . . . . . . . Wheel 36 | . . . 6 11 2 . 4 4 . 3 4 2 . . Hover . | . . . . . . . . . . . . . . . Flight . | . . . . . . . . . . . . . . . Utility 160 | 2 6 2 23 16 6 1 5 16 8 2 46 13 2 12 Device 90 | 1 1 . 10 13 3 1 2 7 5 2 25 10 2 8 Storage 15 | 1 5 . 6 . . . . . 2 . 1 . . . Processor 3 | . . . . . . . . . . . 3 . . . Hackware 1 | . . . . . . . . . . . 1 . . . Protection 51 | . . 2 7 3 3 . 3 9 1 . 16 3 . 4 Artifact . | . . . . . . . . . . . . . . . Weapon 202 | 2 7 5 24 27 22 3 26 18 22 6 18 15 2 5 Energy Gun . | . . . . . . . . . . . . . . . Energy Cannon 52 | . 2 . 11 12 4 . 1 4 5 1 6 4 1 1 Ballistic Gun 38 | 2 . 1 5 2 6 2 5 6 6 3 . . . . Ballistic Cannon 37 | . 3 2 2 4 2 . 7 6 3 1 5 2 . . Launcher 43 | . . . . 9 6 1 6 2 7 1 6 4 . 1 Special Weapon 2 | . . . . . . . . . . . . 1 . 1 Impact Weapon 20 | . . . 4 . 4 . 6 . 1 . 1 3 . 1 Slashing Weapon 8 | . 2 2 2 . . . . . . . . 1 1 . Piercing Weapon . | . . . . . . . . . . . . . . . Special Melee Weapon 2 | . . . . . . . 1 . . . . . . 1 Unidentified Prototypes 7 | . . . 2 . . . . . . . 2 1 . 2 Corrupted Parts 1 | . . . . . . . . . 1 . . . . . System Corruption 1 | . . . . . . . . . 1 . . . . . Parts Lost 50 | . . 1 4 5 3 . 5 7 6 2 3 4 . 10 Power 8 | . . . . . 1 . . 1 . . 2 2 . 2 Propulsion 16 | . . . 1 2 . . 2 3 3 . . 1 . 4 Utility 19 | . . 1 2 2 1 . 2 3 3 1 . . . 4 Weapon 7 | . . . 1 1 1 . 1 . . 1 1 1 . . Highest Loss Streak 10 | . . 1 1 2 1 . 3 2 2 1 1 3 . 10 To Critical Strikes . | . . . . . . . . . . . . . . . Average Slot Usage (%) 96 | . 99 99 99 99 99 100 99 99 93 99 93 84 84 93 Engine 3 | . 14 12 . 9 . . . . . . 2 . . 6 Core 7 | . . 1 10 . 8 9 9 9 9 9 11 8 7 6 Treads 6 | . . . 12 2 . . . 6 35 18 2 . . 5 Leg 4 | . 28 28 7 . . . . . . . . . . . Wheel 20 | . . . 13 33 36 36 35 29 . 16 23 22 23 19 Device 12 | . 13 11 6 16 12 17 9 9 17 26 12 7 9 12 Storage 9 | . 14 14 11 9 9 9 9 9 9 9 7 7 7 7 Processor 1 | . . . . . . . . . . . 6 7 7 6 Hackware 1 | . . . . . . . . . . . 4 7 7 5 Protection 8 | . . 1 15 10 14 9 17 17 3 . 4 6 4 3 Energy Cannon 7 | . 5 11 13 14 8 9 1 5 8 6 6 6 7 1 Ballistic Gun 4 | . 8 2 4 1 5 3 6 7 6 5 2 . . . Ballistic Cannon 4 | . 10 13 2 1 . 5 3 4 1 2 4 6 6 . Impact Weapon 1 | . . . . . 2 . 4 . . 3 . . . 2 Naked Turns 4 | . . . . . . . . . . . . . . 4 Heaviest Build 138 | 13 30 33 106 114 114 114 114 130 125 121 138 121 108 113 Greatest Support 88 | 20 20 20 60 83 52 52 52 52 88 86 52 52 50 72 Greatest Overweight (x) 5 | . 1 1 4 2 2 2 2 5 5 5 3 2 2 5 Average Overweight (x) 1 | . . 1 1 1 1 2 2 2 1 4 2 1 1 1 Largest Inventory Capacity 25 | 8 20 15 25 25 25 25 25 25 25 25 25 25 25 25 Average Capacity 22 | 7 13 15 18 25 25 25 25 25 25 25 25 25 25 24 Most Carried 25 | 8 16 15 25 25 25 24 25 25 25 25 25 25 25 25 Average Carried 21 | 5 12 14 17 23 24 24 23 24 23 24 24 24 25 24 Final Capacity 25 | 8 15 15 25 25 25 25 25 25 25 25 25 25 25 5 Final Carried 25 | 8 15 15 25 24 24 24 25 25 25 25 25 25 25 5 Class Distribution -------------------- 62% | Mutant 36% | Scavenger-Mutant Dominant Class ---------------- Mutant | -10/Materials Mutant | -10/Mines Mutant | -9/Materials Mutant | -8/Materials Scavenger-Mutant | -8/Garrison Scavenger-Mutant | -8/Materials Scavenger-Mutant | -8/Garrison Scavenger-Mutant | -8/Materials Mutant | -8/Garrison Mutant | -8/Materials Scavenger-Mutant | -7/Factory Mutant | -7/Lower Caves Mutant | -7/Lower Caves Mutant | -7/Zion Resources | -11 -10 -10 -9 -8 -8 -8 -8 -8 -8 -8 -7 -7 -7 -7 ----------- Run | Jun Mat Min Mat Mat Gar Mat Gar Mat Gar Mat Fac Low Low Zio Matter Collected 10377 | 306 673 175 962 1254 776 65 880 1563 1011 321 1382 769 60 180 Remotely 274 | . . . . . . . . . . . 184 90 . . Salvage Created 11913 | 121 794 177 1795 1645 1223 144 939 1603 879 384 1338 531 146 194 Parts 655 | 10 67 12 100 89 57 4 68 80 42 18 70 22 4 12 Haulers Intercepted 16 | . 2 . 5 1 . . . 4 . . 4 . . . Recyclers Shooed 12 | . 1 . 1 2 . . . 2 . 1 5 . . . Parts Field Recycled . | . . . . . . . . . . . . . . . Retrieved Matter . | . . . . . . . . . . . . . . . Parts Self-Destructed 17 | . . . . . . . . . . . . 17 . . Prevented 6 | . . . . . . . . . . . . 4 2 . Kills | -11 -10 -10 -9 -8 -8 -8 -8 -8 -8 -8 -7 -7 -7 -7 ------- Run | Jun Mat Min Mat Mat Gar Mat Gar Mat Gar Mat Fac Low Low Zio Combat Hostiles Destroyed 254 | . 17 5 30 40 27 3 30 30 28 8 24 11 . 1 Melee 1 | . . . 1 . . . . . . . . . . . Guns 33 | . 2 . 8 2 2 1 8 8 . 1 1 . . . Cannons 121 | . 15 5 20 23 6 1 3 18 6 4 11 8 . 1 AOE 93 | . . . . 15 18 1 18 4 20 3 11 3 . . Classes Destroyed 21 | 2 7 1 1 3 . . . . 1 1 . 2 1 2 Worker 14 | . 3 . 2 3 . . . 4 . 2 . . . . Builder 4 | . . 1 1 1 . . . . . 1 . . . . Tunneler 8 | 2 1 . . 1 . . . 1 . . 3 . . . Hauler 16 | . 2 . 5 1 . . . 4 . . 4 . . . Recycler 14 | 1 1 . 4 2 . . . 2 . 1 3 . . . Minesweeper 2 | . . . . . . . . . . . . 1 1 . Mechanic 1 | . 1 . . . . . . . . . . . . . Operator 2 | . 1 . . . . . . . . . 1 . . . Watcher 15 | . 2 . 3 3 . . . 3 . 1 3 . . . Swarmer 60 | . 3 . 7 7 3 . 11 6 12 1 7 3 . . Grunt 122 | . 14 5 13 21 20 2 12 16 12 1 6 . . . Brawler 4 | . . . . 2 1 . . 1 . . . . . . Duelist 7 | . . . . 2 . . . 1 . 3 1 . . . Protector 2 | . . . . . . . . . . 1 1 . . . Sentry 43 | . . . 10 6 3 1 8 6 2 2 4 1 . . Specialist 3 | . . . . . . . . . . . . 3 . . Hunter 7 | . . . . 2 . . . . 1 . 1 3 . . Programmer 6 | . . . . . . . . . 1 . 4 1 . . Zionite 6 | . . . . . . . . . . . . . . 6 Decomposer 2 | . . . . . . . . . . . . 2 . . Packrat 2 | . . . . . . . . . . . . 1 1 . Samaritan 1 | . . . . . . . . . . . . . 1 . Tinkerer 1 | . . . . . . . . . . . . . . 1 Thug 1 | . . . . . 1 . . . . . . . . . Butcher 1 | . . . . . . . . . . . . . . 1 Guerrilla 1 | . . . . . . . 1 . . . . . . . Best Kill Streak 12 | 3 5 2 8 7 6 2 5 7 12 7 6 7 1 2 Combat Bots Only 12 | . 5 2 7 5 6 2 5 4 12 5 5 7 . 1 Max Kills in Single Turn 5 | 1 1 1 2 3 4 1 4 3 4 2 5 1 1 1 Gunslinging . | . . . . . . . . . . . . . . . Exploded 4 | . . . . 3 3 1 4 2 4 1 4 1 . . Melee 1 | . . . 1 . . . . . . . . . . . Uniques/NPCs Destroyed . | . . . . . . . . . . . . . . . Combat | -11 -10 -10 -9 -8 -8 -8 -8 -8 -8 -8 -7 -7 -7 -7 -------- Run | Jun Mat Min Mat Mat Gar Mat Gar Mat Gar Mat Fac Low Low Zio Damage Taken 11315 | . 380 251 1620 1377 454 . 634 1570 1064 319 859 792 . 1995 Core 1516 | . 93 66 153 196 77 . 13 100 104 10 48 187 . 469 Absorbed by Shields 671 | . . . . 237 88 . . . . 52 148 60 . 86 Redirected to Shielding 132 | . . . 31 . . . . 101 . . . . . . Regen/Repaired (Parts) 293 | . 18 . . 183 . . . . . 92 . . . . Core Remaining (%) 51 | 100 . 36 61 . . . . . . 9 . . . . Volleys Fired 1121 | 6 56 22 107 138 114 4 71 135 96 31 146 73 7 115 Largest 2 | 2 2 2 2 2 2 2 2 2 2 2 2 2 1 1 Hottest 163 | 40 95 95 136 143 136 112 112 155 155 133 155 163 65 65 Shots Fired 1662 | 12 100 42 211 205 155 7 86 249 123 43 212 95 7 115 Gun 348 | 12 29 3 52 17 27 2 28 119 16 15 28 . . . Cannon 1165 | . 71 39 159 164 96 4 32 127 75 23 170 89 7 109 Launcher 147 | . . . . 24 32 1 26 3 32 5 14 5 . 5 Special 2 | . . . . . . . . . . . . 1 . 1 Kinetic 670 | 12 78 25 82 41 32 3 54 190 27 19 94 13 . . Thermal 843 | . 22 17 129 140 91 3 6 56 64 19 104 76 7 109 Explosive 147 | . . . . 24 32 1 26 3 32 5 14 5 . 5 Electromagnetic . | . . . . . . . . . . . . . . . Robot Hit Streak 28 | 1 10 5 9 12 28 3 12 19 12 14 13 9 4 7 Robot Miss Streak 9 | 1 3 2 9 5 3 1 7 6 6 3 4 2 1 5 Penetration Max 1 | . . . . 1 . . 1 1 1 1 . . . . Secondary Targets . | . . . . . . . . . . . . . . . Shots Hit Robots 881 | 6 68 27 134 120 87 4 51 169 50 21 84 28 7 25 Core Hits 606 | 4 36 9 52 109 73 5 62 89 52 22 59 20 4 10 Critical Kills 21 | . . . . . 2 . 3 3 4 3 6 . . . Critical Parts Destroyed 13 | . . . . . . . . 7 3 . 2 . . 1 Critical Strikes 49 | . 2 . 1 . 2 . 3 11 7 3 19 . . 1 Meltdown 10 | . . . . . 2 . 1 . 2 1 4 . . . Destroy 23 | . . . . . . . 2 10 5 2 4 . . . Blast 15 | . 2 . 1 . . . . 1 . . 11 . . . Smash 1 | . . . . . . . . . . . . . . 1 Melee Attacks 123 | . 11 3 17 . 20 . 28 . 2 . 1 2 1 38 Impact 63 | . . . 12 . 20 . 21 . 2 . 1 1 . 6 Slashing 52 | . 11 3 5 . . . . . . . . 1 1 31 Piercing . | . . . . . . . . . . . . . . . Sneak Attacks 12 | . . . 3 . . . 7 . . . . . 1 1 Combat Hostiles . | . . . . . . . . . . . . . . . Follow-up Attacks . | . . . . . . . . . . . . . . . Damage Inflicted 29295 | 75 1169 470 2844 4587 3452 176 2452 4156 3167 1027 3560 1219 238 703 Guns 3469 | 75 268 23 492 258 246 39 540 1261 93 75 99 . . . Cannons 15015 | . 901 447 1983 2374 1218 41 274 2593 987 373 2225 816 163 620 Explosions 10275 | . . . . 1955 1988 96 1638 302 2087 579 1194 403 . 33 Melee 536 | . . . 369 . . . . . . . 42 . 75 50 Ramming . | . . . . . . . . . . . . . . . Kinetic 7974 | 75 869 311 839 677 335 39 690 2531 209 115 1092 192 . . Thermal 10510 | . 300 159 1636 1955 1129 41 124 1323 871 333 1232 624 163 620 Explosive 10275 | . . . . 1955 1988 96 1638 302 2087 579 1194 403 . 33 Electromagnetic . | . . . . . . . . . . . . . . . Impact 303 | . . . 211 . . . . . . . 42 . . 50 Slashing 233 | . . . 158 . . . . . . . . . 75 . Piercing . | . . . . . . . . . . . . . . . Highest Corruption 4 | . . . . . . . . . 4 4 3 4 4 4 Average Corruption 3 | . . . . . . . . . 2 4 2 3 4 4 Corruption Purged . | . . . . . . . . . . . . . . . Corruption Blocked . | . . . . . . . . . . . . . . . Effects 81 | . . . . . . . . . 27 13 17 17 4 3 Message Errors 24 | . . . . . . . . . 5 5 7 4 2 1 Matter Fused 18 | . . . . . . . . . 4 2 4 8 . . Heat Flow Errors 14 | . . . . . . . . . 7 1 3 2 . 1 Energy Discharges 9 | . . . . . . . . . 4 3 . 1 1 . Parts Rejected 1 | . . . . . . . . . . . 1 . . . Data Loss (minor) 7 | . . . . . . . . . 4 . . 1 1 1 Data Loss (major) 2 | . . . . . . . . . 1 1 . . . . Misfires 3 | . . . . . . . . . . 1 1 1 . . Alerts 2 | . . . . . . . . . 2 . . . . . Weapon Failures 1 | . . . . . . . . . . . 1 . . . Overload Shots . | . . . . . . . . . . . . . . . Overflow Damage 792 | . 9 . 61 90 46 . 11 84 65 96 155 47 73 55 Projectiles 390 | . 9 . 9 66 27 . . 84 14 6 139 18 13 5 Explosions 240 | . . . . 24 19 . 11 . 51 90 16 29 . . Melee 162 | . . . 52 . . . . . . . . . 60 50 Knockbacks 66 | . 7 2 5 9 1 . 4 24 2 . 11 . . 1 Impact 2 | . . . 1 . . . . . . . . . . 1 Kinetic 58 | . 6 2 4 6 1 . 4 23 2 . 10 . . . Secondary 6 | . 1 . . 3 . . . 1 . . 1 . . . Self-Inflicted Damage 419 | . . . . 57 . . 83 22 55 160 30 . . 12 Shots 13 | . . . . 2 . . 3 1 2 3 1 . . 1 Rammed . | . . . . . . . . . . . . . . . Targets Rammed . | . . . . . . . . . . . . . . . Kicked . | . . . . . . . . . . . . . . . Crushed . | . . . . . . . . . . . . . . . Highest Temperature 474 | . 259 207 315 260 195 . 12 268 244 96 474 298 44 230 Average Temperature 80 | . 57 92 106 74 64 . 4 46 78 69 81 90 21 69 Received Heat Transfer 3563 | . 153 141 672 623 253 . 234 756 288 52 225 94 . 72 Effects 7 | . . . 4 . . . . . . . 2 1 . . Shutdowns 1 | . . . . . . . . . . . 1 . . . Energy Bleed 3 | . . . 1 . . . . . . . 1 1 . . Interference 3 | . . . 3 . . . . . . . . . . . Siege Activations . | . . . . . . . . . . . . . . . Robots Corrupted . | . . . . . . . . . . . . . . . Combat Hostiles . | . . . . . . . . . . . . . . . Parts Fried 1 | . . . . . . . 1 . . . . . . . Impact Corruptions 5 | . . . 3 1 . . . . . . . . . 1 Robots Melted 10 | . . . . . 2 . 1 . 2 1 4 . . . Combat Hostiles 5 | . . . . . 1 . 1 . 2 . 1 . . . Parts Melted 40 | . 1 . 1 . 6 . . 3 5 4 13 3 . 4 Heat Transferred 16970 | . 629 333 2997 3182 2035 74 222 2000 1300 487 1800 894 222 795 Parts Sabotaged . | . . . . . . . . . . . . . . . Parts Stolen . | . . . . . . . . . . . . . . . Parts Stripped . | . . . . . . . . . . . . . . . Power Chain Reactions . | . . . . . . . . . . . . . . . Missiles Intercepted . | . . . . . . . . . . . . . . . Alert | -11 -10 -10 -9 -8 -8 -8 -8 -8 -8 -8 -7 -7 -7 -7 ------- Run | Jun Mat Min Mat Mat Gar Mat Gar Mat Gar Mat Fac Low Low Zio Peak Influence 1973 | 15 219 102 690 1123 1973 1162 1879 1476 1699 1024 750 . . . Initial 961 | . 9 52 . 282 724 961 755 915 712 828 388 . . . Average 743 | 6 74 33 224 662 1418 1038 1380 1151 1234 914 412 . . . Maximum Alert Level 5 | . 1 . 2 4 5 4 5 4 5 3 3 . . . Low Security (%) 24 | 100 99 100 55 . . . . . . . 5 . . . Level 1 12 | . . . 27 11 . . . . . . 51 . . . Level 2 11 | . . . 17 40 . . . . . . 37 . . . Level 3 20 | . . . . 46 20 70 21 47 21 100 5 . . . Level 4 21 | . . . . 1 47 29 38 52 65 . . . . . Level 5 9 | . . . . . 32 . 39 . 13 . . . . . High Security . | . . . . . . . . . . . . . . . Max Security . | . . . . . . . . . . . . . . . Squads Dispatched 35 | . 5 . 4 8 . 1 . 6 . 2 9 . . . Investigation 7 | . 3 . 1 1 . . . . . 1 1 . . . Extermination 5 | . . . . . . . . . . . 5 . . . Reinforcement 10 | . 2 . 2 3 . . . 1 . . 2 . . . Assault 8 | . . . 1 3 . . . 2 . 1 1 . . . Garrison 5 | . . . . 1 . 1 . 3 . . . . . . Intercept . | . . . . . . . . . . . . . . . Searches Triggered . | . . . . . . . . . . . . . . . Construction Impeded 2 | . . . . 2 . . . . . . . . . . Haulers Reinforced . | . . . . . . . . . . . . . . . Active Scanning Responses . | . . . . . . . . . . . . . . . Cargo Convoy Interrupts . | . . . . . . . . . . . . . . . Stealth | -11 -10 -10 -9 -8 -8 -8 -8 -8 -8 -8 -7 -7 -7 -7 --------- Run | Jun Mat Min Mat Mat Gar Mat Gar Mat Gar Mat Fac Low Low Zio Distress Signals 13 | . 1 . 6 2 . . . 2 . 1 1 . . . Communications Jammed 15 | . . . . . . . . . . . 15 . . . Distress Signals 15 | . . . . . . . . . . . 15 . . . Times Spotted 338 | . 23 6 46 61 26 4 22 46 28 18 35 11 . 12 Peak Tracking Total 9 | . 4 2 9 7 4 2 5 7 6 5 5 4 . 3 Tactical Retreats 21 | . . . 5 2 . . . 6 3 . 2 . . 3 Traps | -11 -10 -10 -9 -8 -8 -8 -8 -8 -8 -8 -7 -7 -7 -7 ------- Run | Jun Mat Min Mat Mat Gar Mat Gar Mat Gar Mat Fac Low Low Zio Traps Triggered 15 | . 1 . . 1 8 . 2 1 2 . . . . . Indirectly . | . . . . . . . . . . . . . . . Trap Hack Attempts . | . . . . . . . . . . . . . . . Triggered . | . . . . . . . . . . . . . . . Disarmed . | . . . . . . . . . . . . . . . Reprogrammed . | . . . . . . . . . . . . . . . Reused . | . . . . . . . . . . . . . . . Traps Extracted . | . . . . . . . . . . . . . . . Installed 4 | . . . . . . . 4 . . . . . . . Triggered 2 | . . . . . . . . . . . . 1 1 . Most Traps Carried 3 | . . . . . . . 3 . . . . . . . Machines | -11 -10 -10 -9 -8 -8 -8 -8 -8 -8 -8 -7 -7 -7 -7 ---------- Run | Jun Mat Min Mat Mat Gar Mat Gar Mat Gar Mat Fac Low Low Zio Machines Disabled 31 | . . . 2 2 5 2 7 1 3 2 6 1 . . Max in Single Turn 1 | . . . 1 1 1 . 1 1 1 1 1 1 . . Garrison Access 2 | . . . . . . . . . . 1 1 . . . Garrison Relay 2 | . . . . . . . 1 . 1 . . . . . Machines Repaired . | . . . . . . . . . . . . . . . Machines Sabotaged . | . . . . . . . . . . . . . . . Overloaded Fab Kills . | . . . . . . . . . . . . . . . Hacking | -11 -10 -10 -9 -8 -8 -8 -8 -8 -8 -8 -7 -7 -7 -7 --------- Run | Jun Mat Min Mat Mat Gar Mat Gar Mat Gar Mat Fac Low Low Zio Machines Accessed 63 | . 9 . 9 7 4 1 3 9 3 5 13 . . . Terminals 49 | . 6 . 8 4 4 . 3 8 3 3 10 . . . Fabricators . | . . . . . . . . . . . . . . . Repair Stations 3 | . 1 . . 1 . . . . . 1 . . . . Recycling Units 5 | . 2 . 1 1 . . . . . . 1 . . . Scanalyzers . | . . . . . . . . . . . . . . . Garrison Access 6 | . . . . 1 . 1 . 1 . 1 2 . . . Total Hacks 174 | . 31 . 31 20 10 2 4 25 6 11 34 . . . Successful 81 | . 18 . 20 11 2 1 1 9 . 7 12 . . . Failed 93 | . 13 . 11 9 8 1 3 16 6 4 22 . . . Catastrophic 17 | . 3 . 1 2 1 . 2 2 3 1 2 . . . Database Lockouts . | . . . . . . . . . . . . . . . Manual 112 | . 21 . 23 12 4 . 1 23 1 8 19 . . . Terminals 142 | . 23 . 29 12 10 . 4 24 6 8 26 . . . Fabricators . | . . . . . . . . . . . . . . . Repair Stations 9 | . 2 . . 5 . . . . . 2 . . . . Recycling Units 14 | . 6 . 2 2 . . . . . . 4 . . . Scanalyzers . | . . . . . . . . . . . . . . . Garrison Access 9 | . . . . 1 . 2 . 1 . 1 4 . . . Terminal Hacks 25 | . 5 . 10 . 1 . 1 3 . 2 3 . . . Robot Analysis 2 | . . . 2 . . . . . . . . . . . Prototype ID Bank 2 | . . . 2 . . . . . . . . . . . Open Door 1 | . . . . . 1 . . . . . . . . . Level Access Points 1 | . . . 1 . . . . . . . . . . . Branch Access Points 1 | . . . . . . . . . . . 1 . . . Terminal Index 1 | . . . . . . . . . . . 1 . . . Unreport Threat 6 | . 2 . . . . . . 3 . 1 . . . . Locate Traps 5 | . 1 . 2 . . . . . . 1 1 . . . Hauler Manifests 2 | . 1 . 1 . . . . . . . . . . . Registered Components 1 | . 1 . . . . . . . . . . . . . Registered Prototypes 1 | . . . 1 . . . . . . . . . . . Zone Layout 1 | . . . 1 . . . . . . . . . . . Garrison Registry 1 | . . . . . . . 1 . . . . . . . Fabricator Hacks . | . . . . . . . . . . . . . . . Repair Station Hacks 8 | . 2 . . 4 . . . . . 2 . . . . Scan Component 4 | . 1 . . 2 . . . . . 1 . . . . Repair 4 | . 1 . . 2 . . . . . 1 . . . . Recycling Unit Hacks 5 | . 2 . 1 1 . . . . . . 1 . . . Report Inventory 1 | . . . 1 . . . . . . . . . . . Retrieve Components 4 | . 2 . . 1 . . . . . . 1 . . . Scanalyzer . | . . . . . . . . . . . . . . . Garrison Access Hacks 5 | . . . . 1 . 1 . 1 . 1 1 . . . Unlock Access 3 | . . . . 1 . 1 . 1 . . . . . . Seal Access 2 | . . . . . . . . . . 1 1 . . . Unauthorized Hacks 38 | . 9 . 9 5 1 . . 5 . 2 7 . . . Terminals 34 | . 7 . 8 5 1 . . 5 . 2 6 . . . Assimilate 4 | . 1 . 1 . . . . . . . 2 . . . Botnet 25 | . 5 . 6 4 1 . . 4 . 2 3 . . . Operators 5 | . 1 . 1 1 . . . 1 . . 1 . . . Fabricators . | . . . . . . . . . . . . . . . Repair Stations . | . . . . . . . . . . . . . . . Recycling Units 4 | . 2 . 1 . . . . . . . 1 . . . Reject 1 | . . . . . . . . . . . 1 . . . Tunnel 3 | . 2 . 1 . . . . . . . . . . . Scanalyzers . | . . . . . . . . . . . . . . . Garrison Access . | . . . . . . . . . . . . . . . Data Cores Recovered . | . . . . . . . . . . . . . . . Used . | . . . . . . . . . . . . . . . Hacking Detections 53 | . 9 . 8 4 4 . 3 8 3 3 11 . . . Full Trace Events 2 | . . . . . . . . . 1 . 1 . . . Feedback Events . | . . . . . . . . . . . . . . . Feedback Blocked . | . . . . . . . . . . . . . . . Robot Schematics Acquired 3 | . . . . . . . . . . . . . . 3 Robots Built . | . . . . . . . . . . . . . . . Authchips . | . . . . . . . . . . . . . . . Time . | . . . . . . . . . . . . . . . Total Robot Build Rating . | . . . . . . . . . . . . . . . Part Schematics Acquired 14 | . . . . . . . . . . . . . . 14 Parts Built . | . . . . . . . . . . . . . . . Authchips . | . . . . . . . . . . . . . . . Time . | . . . . . . . . . . . . . . . Total Part Build Rating . | . . . . . . . . . . . . . . . Parts Repaired 4 | . 1 . . 2 . . . . . 1 . . . . Time 122 | . 26 . . 64 . . . . . 32 . . . . Parts Recycled . | . . . . . . . . . . . . . . . Recycled Matter . | . . . . . . . . . . . . . . . Retrieved Matter . | . . . . . . . . . . . . . . . Retrieved Components 34 | . 19 . . 10 . . . . . . 5 . . . Parts Scanalyzed . | . . . . . . . . . . . . . . . Part Schematics Acquired . | . . . . . . . . . . . . . . . Parts Damaged . | . . . . . . . . . . . . . . . Bothacking | -11 -10 -10 -9 -8 -8 -8 -8 -8 -8 -8 -7 -7 -7 -7 ------------ Run | Jun Mat Min Mat Mat Gar Mat Gar Mat Gar Mat Fac Low Low Zio Used RIF Installer . | . . . . . . . . . . . . . . . Robots Hacked 1 | . . . . . . . . . . . . . . 1 Non-combat . | . . . . . . . . . . . . . . . Combat 1 | . . . . . . . . . . . . . . 1 Robot Hacks Applied 1 | . . . . . . . . . . . . . . 1 parse_system 1 | . . . . . . . . . . . . . . 1 Relay Couplers Released 17 | . . . . . 4 . 4 . 9 . . . . . Machine Destruction 9 | . . . . . . . 4 . 5 . . . . . Programmers 8 | . . . . . 4 . . . 4 . . . . . Fabnet Peak Effective % . | . . . . . . . . . . . . . . . Robots Rewired 3 | . . . . . . . 3 . . . . . . . Allies Hacked . | . . . . . . . . . . . . . . . Hacks Repelled . | . . . . . . . . . . . . . . . Allies | -11 -10 -10 -9 -8 -8 -8 -8 -8 -8 -8 -7 -7 -7 -7 -------- Run | Jun Mat Min Mat Mat Gar Mat Gar Mat Gar Mat Fac Low Low Zio Total Allies 8 | . 1 . . . 2 . 3 . 2 . . . . . Largest Group 3 | . 1 . . . 2 1 3 . 2 1 . . . . Highest-Rated Group 70 | . 10 . . . 70 39 48 . 62 31 . . . . Highest-Rated Ally 39 | . 10 . . . 39 39 39 . 31 31 . . . . Total Orders 9 | . 7 . . . . . . . . . . . . 2 STAY 4 | . 4 . . . . . . . . . . . . . FOLLOW 3 | . 3 . . . . . . . . . . . . . EXPLORE 1 | . . . . . . . . . . . . . . 1 RETURN 1 | . . . . . . . . . . . . . . 1 Ally Attacks 62 | . . . . . 23 8 15 . 3 13 . . . . Total Damage 1106 | . . . . . 530 75 213 . 62 226 . . . . Kills 12 | . . . . . 5 . 2 . 2 3 . . . . Allies Corrupted . | . . . . . . . . . . . . . . . Allies Melted . | . . . . . . . . . . . . . . . Intel | -11 -10 -10 -9 -8 -8 -8 -8 -8 -8 -8 -7 -7 -7 -7 ------- Run | Jun Mat Min Mat Mat Gar Mat Gar Mat Gar Mat Fac Low Low Zio Robot Analysis Total 2 | . . . 2 . . . . . . . . . . . Derelict Logs Recovered 4 | . . 1 . . . . . . . . . 2 . 1 Drone Launches 1 | . . . . . . . . . . . . . . 1 Drone Recoveries 1 | . . . . . . . . . . . . . . 1 Exploration | -11 -10 -10 -9 -8 -8 -8 -8 -8 -8 -8 -7 -7 -7 -7 ------------- Run | Jun Mat Min Mat Mat Gar Mat Gar Mat Gar Mat Fac Low Low Zio Turns Passed 20916 | 117 1664 1343 2102 1543 2181 168 1980 1514 1753 649 3065 1033 355 1449 Spaces Moved 11106 | 76 721 621 1002 738 1320 114 1326 679 639 311 1826 654 278 801 Core 20 | 15 . . . . . . . . . . . . . 5 Treads 783 | . . . 96 32 . . . . 638 12 . . . 5 Legs 1588 | 61 721 621 185 . . . . . . . . . . . Wheels 8715 | . . . 721 706 1320 114 1326 679 1 299 1826 654 278 791 Hover . | . . . . . . . . . . . . . . . Flight . | . . . . . . . . . . . . . . . Fastest Speed 50 | 50 120 190 115 107 107 122 122 120 160 150 123 108 105 50 Average Speed 138 | 106 173 190 144 125 120 122 122 129 227 158 126 121 118 113 Slowest Speed 240 | 120 190 190 190 240 122 122 122 160 228 228 135 125 120 230 Overloaded Moves . | . . . . . . . . . . . . . . . Propulsion Burnouts . | . . . . . . . . . . . . . . . Robots Hopped . | . . . . . . . . . . . . . . . Cave-ins Triggered . | . . . . . . . . . . . . . . . Exploration Rate (%) 60 | 4 96 85 83 76 77 14 69 53 67 32 52 67 40 89 Regions Visited 14 Branch Regions 4 Pre-discovered Areas 6 | . 2 1 1 . . . . . . . . 2 . . Known Exits Taken 7 | . . . 1 1 . 1 . 1 . . 1 1 1 . Unknown Exits Taken 4 | 1 1 1 . . . . . . . 1 . . . . Scrap Searched 6 | . . 2 . . . . . . . . . 1 . 3 Spaces Dug 147 | . 2 3 4 25 17 . 11 7 17 1 40 13 . 7 Terrain Destroyed 846 | . 2 3 6 156 128 13 89 77 95 62 118 83 . 14 Melee 24 | . 2 3 4 . 7 . 4 . . . . 1 . 3 Projectile 237 | . . . 2 46 4 . 2 39 12 9 79 38 . 6 AOE 585 | . . . . 110 117 13 83 38 83 53 39 44 . 5 Terrain Rammed . | . . . . . . . . . . . . . . . Walls Destroyed . | . . . . . . . . . . . . . . . Machines Disabled . | . . . . . . . . . . . . . . . Actions | -11 -10 -10 -9 -8 -8 -8 -8 -8 -8 -8 -7 -7 -7 -7 --------- Run | Jun Mat Min Mat Mat Gar Mat Gar Mat Gar Mat Fac Low Low Zio Total 14675 | 98 1013 736 1411 1135 1714 133 1565 1052 800 422 2355 783 294 1164 Wait 1490 | . 177 73 157 158 169 11 50 174 13 64 260 12 5 167 Move 11095 | 75 720 620 1001 738 1319 114 1325 679 638 310 1825 653 277 801 Hop . | . . . . . . . . . . . . . . . Pick Up 157 | 10 17 3 26 23 3 . 23 13 6 3 21 4 . 5 Fast Attach 42 | 5 2 . 9 3 . . 1 2 4 2 8 4 . 2 Attach 63 | 2 . 2 8 7 4 . 7 8 6 2 8 3 . 6 Detach 21 | . . 1 4 . . . . . 2 . 7 1 . 6 Swap 350 | . 15 8 53 49 27 4 29 33 25 8 57 25 4 13 Drop 141 | . 15 4 29 19 2 . 19 8 4 2 22 6 . 11 Fire 1121 | 6 56 22 107 138 114 4 71 135 96 31 146 73 7 115 Melee 123 | . 11 3 17 . 20 . 28 . 2 . 1 2 1 38 Ram . | . . . . . . . . . . . . . . . Kick . | . . . . . . . . . . . . . . . Crush . | . . . . . . . . . . . . . . . Escape Stasis 68 | . . . . . 56 . 8 . 4 . . . . . Rewire . | . . . . . . . . . . . . . . . Trap 4 | . . . . . . . 4 . . . . . . . Miscellaneous . | . . . . . . . . . . . . . . . Route ------- -11/Junkyard -10/Materials (discovered 4 exits: *Mat x3 / [*Min]) -10/Mines (discovered 2 exits: *Mat x2) -9/Materials (discovered 4 exits: *Mat x3 / [*Min]) -8/Materials (discovered 2 exits: *Fac / Gar) -8/Garrison (discovered 3 exits: *Mat x3) -8/Materials -8/Garrison (discovered 4 exits: *Mat x4) -8/Materials (discovered 3 exits: *Fac x2 / Gar) -8/Garrison (discovered 3 exits: *Mat x3) -8/Materials -7/Factory (discovered 3 exits: *Fac / *Low x2) -7/Lower Caves -7/Lower Caves -7/Zion (discovered 2 exits: *Dee / *Pro) History --------- Turn | Location | Event 11 | -11/Junkyard | Discovered new exit (range 15) 118 | -11/Junkyard | Entered Materials 322 | -10/Materials | Build established: Mutant 328 | -10/Materials | Discovered new exit (range 16) 832 | -10/Materials | Discovered new exit (range 15) 921 | -10/Materials | Discovered new exit (range 16) 1064 | -10/Materials | Discovered new exit (range 8) 1448 | -10/Materials | Repaired Seismic Detector 1782 | -10/Materials | Entered Mines 1839 | -10/Mines | Discovered new exit (range 5) 1870 | -10/Mines | A weapon hastily lodged in a ceiling crevice suddenly fell to the ground 2039 | -10/Mines | Found a hidden stash of uninstalled traps 2139 | -10/Mines | Received a Rocket Launcher from a helpful Derelict 2452 | -10/Mines | Discovered new exit (range 6) 2564 | -10/Mines | Learned Materials terminal intel 2914 | -10/Mines | Core integrity fell below 50% 3125 | -10/Mines | Entered Materials 3125 | -9/Materials | Evolved 2 slots: Propulsion x1, Utility x1 3126 | -9/Materials | Loaded intel: 10 terminal locations 3935 | -9/Materials | Discovered new exit (range 11) 4174 | -9/Materials | Discovered new exit (range 8) 4375 | -9/Materials | Identified exit to Materials 4917 | -9/Materials | Destroyed 7 combat bots 5125 | -9/Materials | First assault squad dispatched 5227 | -9/Materials | Entered another Materials area 5227 | -8/Materials | Evolved 2 slots: Propulsion x1, Utility x1 5822 | -8/Materials | Repaired Arm. Wheel 5855 | -8/Materials | Repaired Arm. Wheel 6027 | -8/Materials | First assault squad dispatched 6742 | -8/Materials | Garrison activated, responded to threat 6755 | -8/Materials | Discovered new exit (range 14) 6770 | -8/Materials | Identified exit to Garrison 6770 | -8/Materials | Entered Garrison 6843 | -8/Garrison | Triggered checkpoint 6843 | -8/Garrison | Triggered checkpoint 6945 | -8/Garrison | Triggered checkpoint 6951 | -8/Garrison | Triggered checkpoint 7218 | -8/Garrison | Triggered checkpoint 7481 | -8/Garrison | Build established: Scavenger-Mutant 7695 | -8/Garrison | Discovered new exit (range 9) 7727 | -8/Garrison | Rescued a captive Derelict 7728 | -8/Garrison | Rescued a captive Derelict 7897 | -8/Garrison | Discovered new exit (range 13) 7990 | -8/Garrison | Triggered checkpoint 8136 | -8/Garrison | Triggered checkpoint 8136 | -8/Garrison | Discovered new exit (range 12) 8318 | -8/Garrison | Triggered checkpoint 8951 | -8/Garrison | Entered Materials 8951 | -8/Materials | Accompanied by 1 ally 9049 | -8/Materials | Garrison activated, responded to threat 9115 | -8/Materials | Identified exit to Garrison 9119 | -8/Materials | Entered Garrison 9119 | -8/Garrison | Accompanied by 1 ally 9130 | -8/Garrison | Triggered checkpoint 9166 | -8/Garrison | Discovered new exit (range 6) 9268 | -8/Garrison | Triggered checkpoint 9432 | -8/Garrison | Triggered checkpoint 9450 | -8/Garrison | Triggered checkpoint 9579 | -8/Garrison | Lost 3 parts (1n1u1w) 9612 | -8/Garrison | Triggered checkpoint 9629 | -8/Garrison | Discovered new exit (range 62) 9629 | -8/Garrison | Discovered new exit (range 21) 9629 | -8/Garrison | Discovered new exit (range 70) 9629 | -8/Garrison | Discovered new exit (range 48) 9967 | -8/Garrison | Triggered checkpoint 10144 | -8/Garrison | Triggered checkpoint 10157 | -8/Garrison | Core integrity fell below 50% 11099 | -8/Garrison | Entered Materials 11462 | -8/Materials | Discovered new exit (range 7) 11499 | -8/Materials | First assault squad dispatched 11653 | -8/Materials | Build established: Mutant 12046 | -8/Materials | Build established: Scavenger-Mutant 12064 | -8/Materials | Garrison activated, responded to threat 12235 | -8/Materials | Discovered new exit (range 11) 12612 | -8/Materials | Identified exit to Garrison 12613 | -8/Materials | Entered Garrison 12718 | -8/Garrison | Triggered checkpoint 12895 | -8/Garrison | Triggered checkpoint 12922 | -8/Garrison | Build established: Mutant 12942 | -8/Garrison | Triggered checkpoint 12951 | -8/Garrison | Triggered checkpoint 12997 | -8/Garrison | Core integrity fell below 20% 13032 | -8/Garrison | Destroyed 12 combat bots 13247 | -8/Garrison | Triggered checkpoint 13434 | -8/Garrison | Discovered new exit (range 14) 13675 | -8/Garrison | Discovered new exit (range 15) 13991 | -8/Garrison | Discovered new exit (range 10) 14120 | -8/Garrison | Triggered checkpoint 14248 | -8/Garrison | Rescued a captive Derelict 14251 | -8/Garrison | Rescued a captive Derelict 14366 | -8/Garrison | Entered Materials 14366 | -8/Materials | Accompanied by 1 ally 14663 | -8/Materials | Repaired Arm. Wheel 14766 | -8/Materials | First assault squad dispatched 14800 | -8/Materials | Discovered new exit (range 12) 15015 | -8/Materials | Entered Factory 15015 | -7/Factory | Evolved 2 slots: Power x1, Utility x1 15310 | -7/Factory | Build established: Scavenger-Mutant 15652 | -7/Factory | Found Prototype Launcher 15652 | -7/Factory | Identified Rocket Array 16415 | -7/Factory | Discovered new exit (range 7) 16420 | -7/Factory | Identified exit to Factory 17507 | -7/Factory | Identified exit to Lower Caves 17815 | -7/Factory | First assault squad dispatched 18080 | -7/Factory | Entered Lower Caves 18088 | -7/Lower Caves | Encountered a Warlord checkpoint 18103 | -7/Lower Caves | Acquired the password to a Derelict Tinkerer's latest research 18114 | -7/Lower Caves | Found Prototype Special Weapon 18114 | -7/Lower Caves | Identified Molecular Deconstructor 18153 | -7/Lower Caves | Met a Warlord Commander 18154 | -7/Lower Caves | Learned location of Warlord (-5) 18162 | -7/Lower Caves | Found Encrypted Comm Array 18222 | -7/Lower Caves | Caught by Unaware searching for contraband prototypes 18224 | -7/Lower Caves | Caught by Unaware searching for contraband prototypes 18288 | -7/Lower Caves | Lost 3 parts (2p1w) 18295 | -7/Lower Caves | Destroyed 7 combat bots 18414 | -7/Lower Caves | Build established: Mutant 18461 | -7/Lower Caves | Learned location of Zion (-7) 18755 | -7/Lower Caves | Attracted the attention of an 0b10 checkpoint 19057 | -7/Lower Caves | Discovered new exit (range 9) 19065 | -7/Lower Caves | Identified exit to Lower Caves 19113 | -7/Lower Caves | Entered another Lower Caves area 19449 | -7/Lower Caves | Discovered new exit (range 8) 19456 | -7/Lower Caves | Identified exit to Zion 19468 | -7/Lower Caves | Entered Zion 19511 | -7/Zion | Discovered new exit (range 14) 19524 | -7/Zion | Identified exit to Proximity Caves 19660 | -7/Zion | System corruption cleaned by Quarantine Array 19685 | -7/Zion | Learned 12 Factory zone layouts 19710 | -7/Zion | Given the Hacking Drone Bay 19710 | -7/Zion | Found Prototype Device 19710 | -7/Zion | Identified Hacking Drone Bay 19740 | -7/Zion | Found CR-A16's Pointy Stick 19926 | -7/Zion | Warned about damaging Zion machinery 20193 | -7/Zion | Discovered new exit (range 4) 20196 | -7/Zion | Saw the warning signs outside the Deep Caves entrance 20197 | -7/Zion | Identified exit to Deep Caves 20450 | -7/Zion | Found Prototype Device 20451 | -7/Zion | Identified Mobile Refinery Mk. CCLXVII 20546 | -7/Zion | Acquired unknown access codes intercepted by a Zionite 20612 | -7/Zion | Caused signficant damage to Zion machinery 20612 | -7/Zion | Attacked by Zionites 20882 | -7/Zion | P1-3CE came to Zion's defense 20894 | -7/Zion | Core integrity fell below 50% 20913 | -7/Zion | Core integrity fell below 20% 20917 | -7/Zion | Destroyed by P1-3CE with P1-3CE's Gatling Flakker Last Messages --------------- 20895_ Imp. Shield Generator destroyed. 20896_ Mak. Power Source destroyed. 20900_ Adv. Treads destroyed. 20901_ Hrd. Light Armor Plating destroyed. 20902_ Discarded Imp. Signal Interpreter. 20903_ Arm. Wheel destroyed. 20905_ Reflective Plating destroyed. 20905_ Imp. Light Armor Plating destroyed. 20906_ Mic. Fission Core destroyed. 20907_ Entropy package melds with Twisted Machinery. 20909_ Concrete disintegrates. 20910_ Dropped Huge Storage Unit. 20910_ Med. Treads destroyed. 20910_ Dropped Bore Cannon. 20911_ Dropped Gauss Cannon. 20912_ Adv. Treads destroyed. 20912_ Knocked back. 20912_ Dropped Hvy. Flail. 20912_ Dropped Great Axe. 20913_ Knocked back. Map ----- +----------------------------------------------------+ | ?????????????????????????????????????????????????? | | ?????###?????????????????????????????????????????? | | ????##"####??????###?????###?????????????????????? | | #####"""""###??###""######"##?##?????????????????? | | #""#"" " """####"#"##"""#"""##"#?????????????????? | | """"" ""#"#""""""""""""""##?????????????????? | | " ""##"" "" "" ""####??????????????? | | """" """"#??????????????? | | """ """#??????????????? | | " "###?????????????? | | %! " "#"#?????????????? | | "" "" * ""###????????????? | | """"" """ # """#????????????? | | """"" """"" """#????????????? | | """""" """"" ""###??????????? | | """ """"""# """#??????????? | | """""###### ""##??????????? | | " """#"#??#; = ""#???????????? | | "" """####" I /% """""#???????????? | | "" """""#" """"##???????????? | | "" """""""""" "##"#???????????? | | / / #"#?##???????????? | | z / "##??????????????? | | !/ """#??????????????? | | " """""#""##" !!!]! "##??????????????? | | "" """"""""""" % @]]!]/""#???????????????? | | """""""#"""#""#; *]!!! ""#???????????????? | | ##"""##########" % = /]M]"""""#?????????????? | | ?#####????????##" = """"""??????????????? | | ???????????????## " ""??????????????? | | ???????????????#"" ; """??????????????? | | ??????????????###" ;; """??????????????? | | ??????????#####""" * """?????????????? | | ??????????#"" "" =%= ; "##????????????? | | ??????????#" [ "" ""#????????????? | | ??????????#"" """#######??????? | | ??????????## """ "" """"## "######## | | ???????????#"# """c"" " "#?# """"""""" | | ???????????### """ """"" [ [### """"""""" | | ?????????????## """ """"" % # | | ??????????????#" """"" | | ???????????####"" """" | | ???????????#"" "" ""# | | ???????????#" ] "" "### """"""""" | | ???????????#"" # """ """ #?# """"""""" | | ???????????#### """ """""" #?# "######## | | ????????????#"# """""" "#######??????? | | ###??????????#" """" "#"" """#???????????? | | ""#??????????##" """" """" """#???????????? | | ""##????????###" """ """" ""##???????????? | +----------------------------------------------------+ Best States ------------- Heat Dissipation 93 Coolant Potential 50 Energy Generation 33 Energy Capacity 530 Matter Stores 470 Matter Capacity 500 Sight Range 16 Robot Scan Range 15 Terrain Scan Density 10 Jamming Range 14 Armor Coverage 600 Resistance: TH 10 Weapon Shielding 66 Evasion (%) 55 Melee Accuracy 6 Recoil Reduction 4 Offensive Hacking 10 Authchip Count 1 Item Schematics ----------------- Hvy. Mass Driver | -7/Zion | Archive System Restoration Module | -7/Zion | Archive Imp. EM Pulse Cannon | -7/Zion | Archive Beamcaster | -7/Zion | Archive Focal Shield | -7/Zion | Archive Mak. Hammer | -7/Zion | Archive Adv. Melee Analysis Suite | -7/Zion | Archive Ripper | -7/Zion | Archive Mass Driver | -7/Zion | Archive Dynamic Insulation System | -7/Zion | Archive Hvy. Flak Cannon | -7/Zion | Archive Thermic Laser | -7/Zion | Archive Adv. Assault Cannon | -7/Zion | Archive Remote Shield | -7/Zion | Archive Robot Schematics ------------------ T-07 Excavator | -7/Zion | Archive A-02 Transporter | -7/Zion | Archive K-01 Serf | -7/Zion | Archive Fabricated ------------ Nothing Alien Tech Used ----------------- None Achievements -------------- None Challenges ------------ None Game ------ Seed SlugThermicGravjet Manual? 0 Play Time 04:38:07 Cumulative 1258.7 hours Start 2024.01.06 @ 16:57:38 End 2024.01.06 @ 23:34:27 Sessions 1 Manual Loads 0 Difficulty Rogue Special Mode None Game No. 456 Rogue 456 Adventurer 0 Explorer 0 Win Type - Total 26 Types 13/2/7/0/0/0/4/0/0 Lore% 90 Gallery% 92 Achievement% 85 Wizard Run 0 Options --------- ASCII 0 Keyboard 0 Movement Vi Keybinds 0 Fullscreen 0 Font 12/Crisp Map View 76x50 Tactical HUD 1 Map Filters NONE Filters NONE Steam 1 RUN: 96c6b96f-3a66-4730-8d73-22c5465f3580